 Dungeon Crawl Stone Soup version 0.28.0-53-g5a82cb258f (console) character file.

Game seed: 2035612200887091899

4 helpvisa the Bolt Thrower (level 1, -1/18 HPs)
             Began as a Minotaur Hunter on July 3, 2022.
             Splashed by a jelly's acid (8 damage)
             ... on level 1 of the Dungeon.
             The game lasted 00:01:13 (36 turns).

helpvisa the Bolt Thrower (Minotaur Hunter)           Turns: 36, Time: 00:01:13

Health: -1/18      AC: -1    Str: 16    XL:     1   Next: 50%
Magic:  0/0        EV: 11    Int:  8    God:
Gold:   0          SH:  0    Dex: 10    Spells: 0/0 levels left

rFire   . . .      SeeInvis .   b - +0 short sword
rCold   . . .      Faith    .   (no shield)
rNeg    . . .      Spirit   .   c - +0 leather armour
rPois   .          Reflect  .   (helmet restricted)
rElec   .          Harm     .   (no cloak)
rCorr   .          Rampage  .   (no gloves)
Will    .....                   (no boots)
Stlth   +.........              (no amulet)
HPRegen 0.06/turn               (no ring)
MPRegen 0.07/turn               (no ring)

@: corroded
A: horns 2, retaliatory headbutt
a: no special abilities


You were on level 1 of the Dungeon.
You visited 1 branch of the dungeon, and saw 1 of its levels.

Inventory:

Hand Weapons
 a - a +1 hand crossbow
 b - a +0 short sword (weapon)
Missiles
 d - 20 bolts
Armour
 c - a +0 leather armour (worn)
Potions
 e - a potion of might {unknown}


   Skills:
 + Level 2.4 Fighting
 + Level 4.6 Crossbows
 + Level 2.2 Dodging
 + Level 0.7 Stealth


You couldn't memorise any spells.
You didn't know any spells.
Your spell library was empty.

Dungeon Overview and Level Annotations

Branches:
Dungeon (1/15)

Altars:


Innate Abilities, Weirdness & Mutations

You have a pair of horns on your head.
You reflexively headbutt those who attack you in melee.


Message History

There is a fountain of clear blue water here.
e - a fuming purple potion
There is a staircase leading out of the dungeon here.
There is a stone staircase leading down here.
The endoplasm jiggles.
The rat twitches its whiskers.
You open the door. The rat barely misses you. You furiously retaliate!
You headbutt the rat.
You kill the rat!
The jackal bites you.
There is a staircase leading out of the dungeon here.
b - a +0 short sword (weapon)
The jackal misses you.
You closely miss the jackal.
The jackal bites you but does no damage.
The giant cockroach closely misses you.
You closely miss the jackal.
The jackal bites you but does no damage.
The giant cockroach closely misses you. You furiously retaliate!
You headbutt the giant cockroach!
You kill the giant cockroach!
The jackal barely misses you.
You hit the rat.
You kill the rat!
The jackal bites you but does no damage.
The jelly hits you.
You are splashed with acid.
You hit the giant cockroach.
Your headbutt misses the giant cockroach.
The giant cockroach is moderately wounded.
The jackal barely misses you. The giant cockroach barely misses you.
The jelly hits you but does no damage. The jackal closely misses you.
You furiously retaliate!
You headbutt the jackal!
You kill the jackal!
The giant cockroach bites you but does no damage.
You hit the giant cockroach but do no damage.
The giant cockroach is moderately wounded.
The jelly closely misses you.
The giant cockroach bites you but does no damage.
You barely miss the giant cockroach.
The giant cockroach is moderately wounded.
The jelly hits you but does no damage. The giant cockroach bites you.
The jelly hits you. The acid corrodes you!
You are splashed with acid!
You die...

###+#######+###
#..⌠...B...⌠..#
#.....@Jh.....#
+⌠...J###B...⌠+
#.............#
#######B#######
..hBrJJB...#
....B.rwJr...#
#.......JJ....#
###############


You could see 2 jellies, a jackal and 2 giant cockroaches.

Vanquished Creatures
  A giant cockroach (D:1)
  A jackal (D:1)
  2 rats (D:1)
4 creatures vanquished.

Notes
Turn   | Place    | Note
-------+----------+-------------------------------------------
     0 | D:1      | helpvisa the Minotaur Hunter began the quest for the Orb.
     0 | D:1      | Reached XP level 1. HP: 18/18 MP: 0/0
     0 | D:1      | Noticed a jelly
     0 | D:1      | Noticed a jelly
     1 | D:1      | Found a runed translucent door.
    36 | D:1      | Splashed by a jelly's acid

Illustrated notes

Levels and vault maps discovered:
D:1:      dpeg_arrival_caged_fury, layout_rooms

Action                   || total
-------------------------++-------
Melee: Short sword       ||     6
Armor: Leather armour    ||     7
Dodge: Dodged            ||     9
